 Dungeon Crawl Stone Soup version 0.30.2 (webtiles) character file.

Game seed: 7731347372230380940

79 porpoise the Shooter (level 4, -1/39 HPs)
             Began as a Minotaur Hunter on Feb 29, 2024.
             Slain by a black bear (7 damage)
             ... on level 2 of the Dungeon.
             The game lasted 00:04:16 (2094 turns).

porpoise the Shooter (Minotaur Hunter)              Turns: 2094, Time: 00:04:17

Health: -1/39      AC:  3    Str: 15    XL:     4   Next: 16%
Magic:  3/3        EV: 12    Int:  6    God:
Gold:   74         SH:  0    Dex: 16    Spells: 3/3 levels left

rFire   . . .        a - +0 shortbow
rCold   . . .        (shield currently unavailable)
rNeg    . . .        c - +0 leather armour
rPois   .            (helmet restricted)
rElec   .            (no cloak)
rCorr   .            (no gloves)
SInv    .            (no boots)
Will    .....        (no amulet)
Stlth   +            (no ring)
HPRegen 0.26/turn    (no ring)
MPRegen 0.08/turn

%: no passive effects
@: no status effects
A: horns 2, retaliatory headbutt
a: no special abilities


You were on level 2 of the Dungeon.
You visited 1 branch of the dungeon, and saw 3 of its levels.

You collected 74 gold pieces.

Inventory:

Hand Weapons
 a - a +0 shortbow (weapon)
 e - a +0 lajatang
Missiles
 g - 9 atropa-tipped darts
Armour
 c - a +0 leather armour (worn)
Scrolls
 b - a scroll of immolation
 d - 2 scrolls of identify {unknown}
 h - a scroll of poison {unknown}
 k - a scroll of blinking {unknown}
 m - a scroll of vulnerability {unknown}
 n - a scroll of magic mapping {unknown}
Potions
 f - a potion of heal wounds {unknown}
 i - a potion of haste {unknown}
 j - a potion of berserk rage {unknown}
 l - a potion of mutation {unknown}


   Skills:
 + Level 3.6 Fighting
 * Level 5.7 Ranged Weapons
 - Level 2.1 Dodging
 - Level 0.7 Stealth


You had 3 spell levels left.
You didn't know any spells.
Your spell library contained the following spells:

 Spells                   Type           Power      Damage    Failure   Level
 Shock                    Conj/Air       0%         1d3       52%         1
 Swiftness                Air            0%         N/A       88%         3
 Airstrike                Air            0%         2d(0-16)  99%         4


Dungeon Overview and Level Annotations

Branches:
Dungeon (3/15)

Altars:


Innate Abilities, Weirdness & Mutations

You have a pair of horns on your head.
You reflexively headbutt those who attack you in melee.


Message History

You shoot an arrow. The arrow hits the black bear.
The black bear is lightly wounded.
You shoot an arrow. The arrow hits the black bear.
The black bear is moderately wounded.
You shoot an arrow. The arrow hits the black bear!
The black bear is heavily wounded.
The black bear bites you but does no damage.
The black bear closely misses you. The black bear misses you.
You climb upwards.
There is a stone staircase leading down, spattered with blood here.
You shoot an arrow. The arrow hits the black bear.
The black bear is severely wounded.
The black bear barely misses you. The black bear misses you.
The black bear claws you but does no damage.
You shoot an arrow.
The arrow hits the black bear but does no damage.
The black bear is severely wounded.
The black bear bites you. The black bear claws you.
The black bear claws you but does no damage.
You shoot an arrow. The arrow hits the black bear.
The black bear is almost dead.
The black bear goes berserk!
The black bear bites you. The black bear barely misses you.
The black bear closely misses you.
You shoot an arrow. The arrow hits the black bear!
The black bear is almost dead.
The black bear completely misses you. The black bear barely misses you.
The black bear closely misses you. The black bear bites you!
The black bear barely misses you.
The black bear claws you but does no damage.
You shoot an arrow. The arrow hits the black bear.
The black bear is almost dead.
The black bear bites you! The black bear barely misses you.
The black bear closely misses you.
The black bear bites you but does no damage.
The black bear claws you.
* * * LOW HITPOINT WARNING * * *
The black bear barely misses you.
You shoot an arrow. The arrow barely misses the black bear.
The black bear bites you!
You die...

#####.## #............... ###
#..# #....##......... ..# ##.#
#########....##......... ..#
#.###.......#.#####......... ..#
#..##.......#.##############
..#####.##..............#
.....##...........#.....#
.....####.........#.....##
#....# ##.....†@h'......# #....#
#...).).##......# #....#
#.......#######.##### #....#
#...................### #....#
#.............P.PP....# #....##
########....P.PP....### ......#
#........####..# ......#
#.....###......#
......###########...###_.P...P.#


You could see a black bear (berserk).

Vanquished Creatures
  2 adders (D:2)
  3 worms (D:2)
  A dart slug (D:1)
  3 orcs
  6 ball pythons
  4 bats
  3 endoplasms
  3 giant cockroaches
  2 goblins
  2 hobgoblins (D:1)
  5 quokkas
  2 frilled lizards
  4 kobolds
  3 rats
43 creatures vanquished.

Notes
Turn   | Place    | Note
-------+----------+-------------------------------------------
     0 | D:1      | porpoise the Minotaur Hunter began the quest for the Orb.
     0 | D:1      | Reached XP level 1. HP: 18/18 MP: 0/0
   195 | D:1      | Reached XP level 2. HP: 25/25 MP: 1/1
   319 | D:1      | You fall into a shaft and drop 1 floor!
   359 | D:2      | Reached skill level 5 in Ranged Weapons
   419 | D:2      | Found a faded altar of an unknown god.
   540 | D:2      | Reached XP level 3. HP: 31/31 MP: 2/2
  1866 | D:3      | Noticed a black bear
  1874 | D:2      | Reached XP level 4. HP: 22/38 MP: 3/3
  2094 | D:2      | Slain by a black bear

Illustrated notes

Levels and vault maps discovered:
D:1:      dpeg_arrival_snail, layout_basic
D:2:      layout_basic, shapermc_ecumenical_altar_mp_ritualfount
D:3:      layout_basic, trog_hazing_becter, lemuel_crystal_altar,
          minmay_misc_feat_roman, minmay_rat_hole

Skill      XL: |  1  2 |
---------------+-------+-----
Fighting       | 3 |  3.6
Ranged Weapons | 5 |  5.7
Dodging        | |  2.1
Stealth        | |  0.7

Action                     |  1- 3 |  4- 6 || total
---------------------------+-------+-------++-------
   Fire: Shortbow          |   106 |    29 ||   135
 Armour: Leather armour    |    13 |     8 ||    21
  Dodge: Dodged            |    29 |    31 ||    60
